 Dungeon Crawl Stone Soup version 0.14.1-23-g35e4e54 (webtiles) character file.

103356 Konstantin the Thaumaturge (level 16, 0/86 HPs)
             Began as a Vine Stalker Enchanter on June 7, 2014.
             Was a High Priest of Fedhas.
             Slain by an orc knight
             ... wielding a +0,+0 glaive
              (18 damage)
             ... in a bailey on June 12, 2014.
             The game lasted 14:10:16 (40820 turns).

Konstantin the Thaumaturge (VSEn)                  Turns: 40820, Time: 14:10:16

HP   0/86        AC  8     Str 13      XL: 16   Next: 34%
MP   0/44        EV 19     Int 22      God: Fedhas [*****.]
Gold 631         SH  0     Dex 17      Spells: 10 memorised,  4 levels left

rFire  . . .     SeeInvis .     c - +5,+6 dagger "Blaivako" {drain, -Tele +Rage +Fly rC+ rN+ Int+1 Stlth-}
rCold  + . .     Clarity  .     B - +2 robe {Archmagi}
rNeg   + . .     Conserve .     (no shield)
rPois  .         rCorr    .     Q - +1 helmet {Int+3}
rElec  .         rRot     +     J - +0 cloak
SustAb . .       Spirit   +     q - +0 pair of gloves
rMut   .         Warding  .     (no boots)
Saprov . . .     NoTele   +     z - amulet of faith
MR     ++...                    (no ring)
                                j - ring of magical power

@: invisible (but backlit and visible), flying, slightly contaminated, glowing,
very resistant to hostile enchantments, fairly stealthy
A: fangs 3, fast metabolism 1, regeneration 3, magic shield, antimagic bite, no
device heal
a: Evolution, Sunlight, Growth, Reproduction, Rain, Renounce Religion, Evoke
Berserk Rage, Stop Flying


You were in a bailey.
You worshipped Fedhas.
Fedhas was extremely pleased with you.
You were not hungry.

You visited 6 branches of the dungeon, and saw 30 of its levels.
You also visited: Bailey and Volcano.

You collected 3320 gold pieces.
You spent 2689 gold pieces at shops.

Inventory:

Hand weapons
 c - the +5,+6 dagger "Blaivako" (weapon) {drain, -Tele +Rage +Fly rC+ rN+ Int+1 Stlth-}
   (You bought it in a shop on level 4 of the Orcish Mines)

   A truly terrible weapon, it drains the life of those it strikes.
   It affects your intelligence (+1).
   It protects you from cold.
   It protects you from negative energy.
   It lets you fly.
   It lets you go berserk.
   It prevents most forms of teleportation.
   It makes you much less stealthy.
 C - the +11,+2 short sword of Coriewugac {drain, rF+ rC+ Int-4}
   (You bought it in a shop on level 4 of the Orcish Mines)

   A truly terrible weapon, it drains the life of those it strikes.
   It affects your intelligence (-4).
   It protects you from fire.
   It protects you from cold.
 Y - the +3,+2 cutlass "Blaargh" {speed, MR+ Str+2 Dex+4 Int-5}
   (You found it on level 10 of the Dungeon)

   Attacks with this weapon are significantly faster.
   It affects your strength (+2).
   It affects your intelligence (-5).
   It affects your dexterity (+4).
   It affects your resistance to hostile enchantments.
Armour
 e - the -2 leather armour "Rozxaz" {+Fly rF+ rN+ Int-3}
   (You took it off a merfolk on level 2 of the Shoals)

   It affects your intelligence (-3).
   It protects you from fire.
   It protects you from negative energy.
   It lets you fly.
 m - a +2 robe of positive energy
 p - a +3 leather armour of fire resistance
 q - a +0 pair of gloves (worn)
 v - a +2 robe of magic resistance
 B - a +2 robe of the Archmagi (worn)
 J - a +0 cloak (worn)
 Q - a +1 helmet of intelligence (worn)
Magical devices
 g - a wand of slowing (18)
Comestibles
 f - a meat ration
 l - 12 bread rations
 o - 25 strawberries
 K - 2 apples
 R - 2 chokos
 S - 18 grapes
Scrolls
 k - a scroll of immolation
 n - a scroll of vulnerability
 u - a scroll of remove curse
 w - a scroll of fog
 D - 4 scrolls of teleportation
 F - a scroll of amnesia
 I - 2 scrolls of identify
 W - a scroll of magic mapping
Jewellery
 a - an uncursed ring of protection from cold
 b - an uncursed ring of see invisible
 d - an uncursed amulet of resist corrosion
 j - a ring of magical power (left hand)
 r - an uncursed ring of protection from cold
 s - an uncursed ring of ice
 y - an uncursed ring of positive energy
 z - an amulet of faith (around neck)
 A - an uncursed ring of poison resistance
 M - a +3 ring of dexterity
 O - a +2 ring of evasion
 P - an uncursed ring of wizardry
 U - an uncursed ring of regeneration
 V - an uncursed amulet of clarity
 Z - an uncursed ring of positive energy
Potions
 h - a potion of restore abilities
 i - a potion of lignification
 x - 14 potions of curing
 E - a potion of haste
 G - a potion of agility
 N - a potion of might
 T - a potion of brilliance
 X - a potion of invisibility
Books
 H - a book of Summonings

   Spells                             Type                      Level
   *Abjuration                        Summoning                    3
   Recall                             Summoning/Translocation      3
   *Summon Elemental                  Summoning                    4
   *Shadow Creatures                  Summoning                    5
   Summon Demon                       Summoning                    5
   Monstrous Menagerie                Summoning                    6
Miscellaneous
 t - a phial of floods (inert)


   Skills:
 * Level 10.4 Fighting
 * Level 10.4 Short Blades
 - Level 0.8 Throwing
 * Level 9.5 Dodging
 + Level 10.5 Stealth
 * Level 11.6 Spellcasting
 - Level 2.6 Conjurations
 * Level 11.3 Hexes
 - Level 2.9 Charms
 + Level 5.8 Summonings
 + Level 7.9 Ice Magic
 + Level 7.9 Invocations


You had 4 spell levels left.
You knew the following spells:

 Your Spells              Type           Power        Failure   Level  Hunger
a - Corona                Hex            #######      1%          1    None
b - Ensorcelled Hibernat  Hex/Ice        ######       1%          2    None
c - Sure Blade            Hex/Chrm       ######....   1%          2    None
d - Confuse               Hex            #######.     1%          3    None
e - Enslavement           Hex            #######.     1%          4    None
f - Fulminant Prism       Conj/Hex       ######....   3%          4    None
g - Invisibility          Hex            #######.     10%         6    #####..
h - Summon Elemental      Summ           ######....   6%          4    None
i - Abjuration            Summ           ######....   1%          3    None
j - Shadow Creatures      Summ           N/A          14%         5    ###....


Dungeon Overview and Level Annotations

Branches:
Dungeon (13/15)            Temple (1/1) D:4             Orc (4/4) D:12
    Elf (0/3) Orc:3          Lair (8/8) D:11         Shoals (3/5) Lair:3
 Spider (1/5) Lair:5        Slime (0/6) Lair:7       Vaults (0/5) D:13

Altars:
Ashenzari
Cheibriados
Dithmenos
Elyvilon
Fedhas
Kikubaaqudgha
Makhleb
Nemelex Xobeh
Okawaru
Sif Muna
Trog
Vehumet
Xom
Yredelemnul
Zin
The Shining One
Beogh

Shops:
D:5 =   D:6 %   D:7 (   D:8 [   Orc:2 ?   Orc:3 [   Orc:4 (*[=(   Shoals:3 ?

Annotations:
Shoals:3 Mara
Spider:1 Nikola


Innate Abilities, Weirdness & Mutations

You are immune to rotting.
You have razor-sharp teeth.
You regenerate.
When hurt, damage is shared between your health and your magic reserves.
Your bite disrupts and absorbs the magic of your enemies.
Potions and wands cannot restore your HP.
You have a fast metabolism.


Message History

The orc warrior hits you but does no damage.
The orc knight hits you from afar with a glaive!
The helpless orc warrior fails to defend itself.
You perforate the orc warrior like a sieve!!!!
You kill the orc warrior!
Casting: Ensorcelled Hibernation
Confirm with . or Enter, or press ? or * to list all spells.
Aiming: Ensorcelled Hibernation
Press: ? - help, Shift-Dir - straight line, f - orc knight
Aim: an orc knight, wielding a glaive and wearing a chain mail You feel a surge of power!
The orc knight resists with significant effort.
The orc warrior hits you from afar with a glaive!
The orc warrior hits you from afar with a halberd!
* * * LOW HITPOINT WARNING * * *
The orc knight roars a battle-cry!
The orc warrior goes into a battle-frenzy!
The orc knight hits you from afar with a glaive!
You die...
Fedhas appreciates your contribution to the ecosystem.

##..≈≈.....≈≈..##
##########..≈≈..###.)≈≈..########
#..........≈≈..##.##).≈≈.........
#.≈≈≈≈≈≈≈≈≈≈..##.∩.##.)≈≈≈≈≈≈≈≈≈≈
#.≈..........##.....##)..)).....≈
#.≈.#############'###'#########.≈
#.≈.##.....##.f.......##.....##.≈
#.≈..##...'#..≈≈§≈≈≈≈..##...##..≈
#.≈≈..##.##..≈≈)@...§≈..##.##f.≈≈
##.≈≈..#'#.§§≈o.⌠⌠⌠..≈≈..#)#..≈≈.
#∩.≈≈).#'#§§≈≈oo.⌠...≈≈..#'#..≈≈.
#.≈≈).##.##§§§≈.....≈≈..'#.##.)≈≈
#.≈).##...##..≈§≈≈≈≈≈..##...##..≈
#.≈)##.....##.........##.....##.≈
#.≈)#############'#############.≈
#.≈..##### #../..##.....))...≈
#.≈≈≈≈≈≈≈#######[.[##..≈≈≈≈≈≈≈≈≈≈


You could see an orc knight, 2 orc warriors and a friendly wandering mushroom.

Vanquished Creatures
  Kirke (Lair:3)
  Maud (Spider:1)
  2 orc warlords (Orc:4)
  An angel (D:5)
  The ghost of Vasek the Unseen, a powerful SpBe of Trog (Orc:4)
  A merfolk impaler (Shoals:2)
  The ghost of Eyesburn the Basher, a powerful DDHu of Makhleb (Lair:3)
  A siren (Shoals:3)
  2 vault guards (D:13)
  A fire dragon (Lair:8)
  Urug (D:10)
  6 hydras
  4 orc high priests (Orc:4)
  A centaur warrior (Shoals:2)
  2 lindwurms (Lair:8)
  Nergalle (Lair:5)
  A catoblepas (Lair:8)
  2 sea snakes (Shoals:2)
  A hell knight (Volcano)
  An unseen horror (shapeshifter) (D:12)
  The ghost of vatarom the Summoner, an experienced DESu of Sif Muna (Lair:3)
  2 orb spiders (Spider:1)
  A deep elf summoner (Orc:3)
  6 orc knights
  A wizard (D:13)
  An unseen horror (D:10)
  3 hill giants
  A necromancer (D:13)
  8 wolf spiders
  2 red wasps (Lair:8)
  3 orc sorcerers (Orc:4)
  4 manticores (Shoals:2)
  A faun (Shoals:1)
  4 cyclopes
  7 griffons
  A guardian serpent (Lair:8)
  10 black mambas
  Maurice (D:10)
  A mermaid (Shoals:1)
  An elephant (Lair:4)
  The ghost of hcnick the Covered, an experienced DgFi (D:5)
  A gargoyle (D:9)
  19 spiny frogs
  A feature mimic (Lair:6)
  2 demonic crawlers (Spider:1)
  2 yaktaurs
  2 fire drakes
  10 komodo dragons
  4 trolls
  2 jumping spiders (Spider:1)
  11 merfolk
  A spriggan druid (Lair:8)
  A red devil (Volcano)
  2 giant leeches (Lair:8)
  3 two-headed ogres
  12 blink frogs
  8 snapping turtles
  A spriggan (Lair:6)
  3 wind drakes
  3 grizzly bears (Lair:8)
  10 yaks
  16 humans (D:13)
  7 sharks
  A shadow (D:11)
  4 water elementals
  2 tarantellas (Spider:1)
  A vampire (D:10)
  4 redbacks (Spider:1)
  3 elephant slugs
  A deep elf mage (D:13)
  A wyvern (Lair:8)
  3 basilisks
  2 hogs (Lair:3)
  2 vampire mosquitoes (D:13)
  Grum (D:12)
  7 deep elf fighters (Orc:3)
  A naga (Lair:6)
  15 wolves
  2 wargs
  2 steam dragons
  9 hippogriffs
  A deep troll zombie (D:13)
  Menkaure (D:6)
  2 necrophages
  37 orc warriors
  A hell hound (Volcano)
  8 porcupines
  15 water moccasins
  2 yellow wasps (Lair:8)
  2 phantoms
  15 spiders
  2 ice beasts
  3 sky beasts
  2 giant goldfish
  11 ogres
  2 boring beetles
  12 centaurs
  Sigmund (D:3)
  Duvessa (D:6)
  15 giant frogs
  13 big kobolds
  12 giant slugs
  4 brain worms (Lair:8)
  14 crocodiles
  3 scorpions
  A cyclops skeleton (D:11)
  A hippogriff skeleton (D:11)
  6 killer bees
  10 wights
  11 crimson imps
  3 goliath beetles
  25 orc priests
  Dowan (D:6)
  2 quasits
  A big fish (Lair:4)
  6 jellies
  3 pulsating lumps (Lair:7)
  9 hounds
  A giant frog skeleton (D:10)
  8 iguanas
  9 worker ants
  A centaur skeleton (D:11)
  29 orc wizards
  A warg skeleton (Orc:4)
  A big kobold zombie (D:8)
  32 sheep
  A crocodile skeleton (D:10)
  2 fulminant prisms (D:9)
  A necrophage skeleton (D:8)
  A hound skeleton (D:11)
  An electric eel (Lair:4)
  2 mummies
  A gnoll (D:1)
  30 adders
  4 shadow imps
  64 green rats
  A worm zombie (D:5)
  2 giant mites
  18 worms
  2 adder skeletons (D:4)
  2 giant eyeballs
  7 giant geckos
  197 orcs
  32 bats
  5 giant cockroaches
  31 goblins
  22 hobgoblins
  9 quokkas
  3 ball pythons
  10 giant newts
  A hobgoblin skeleton (D:6)
  2 hobgoblin zombies
  15 jackals
  24 kobolds
  6 orc skeletons
  24 rats
  2 rat skeletons (D:5)
  A rat zombie (D:5)
1137 creatures vanquished.

Vanquished Creatures (collateral kills)
  Agnes (Spider:1)
  Gastronok (D:9)
  A siren (Shoals:1)
  2 hydras
  2 elephants (Lair:4)
  A gargoyle (D:10)
  A wandering mushroom (Orc:4)
  A feature mimic (D:13)
  A fire drake (Lair:4)
  A giant firefly (Lair:6)
  4 blink frogs
  A giant leech (Lair:8)
  A grizzly bear (Lair:6)
  A water elemental (Orc:4)
  2 redbacks (Spider:1)
  2 hogs (Lair:3)
  3 humans (D:13)
  A deep elf fighter (Orc:3)
  A yak (D:9)
  A vampire mosquito (D:13)
  A water moccasin (Lair:3)
  A porcupine (Lair:4)
  A black bear (Lair:6)
  2 orc warriors
  An ogre (Orc:4)
  2 big kobolds (D:9)
  2 wights (D:9)
  A crimson imp (Volcano)
  4 orc wizards (Orc:4)
  2 orc priests (Orc:4)
  A worker ant (Lair:8)
  3 sheep
  2 adders (Lair:8)
  A green rat (Lair:3)
  A giant mite (Lair:3)
  A worm (Lair:4)
  A giant gecko (D:10)
  16 orcs
  A giant spore (Orc:4)
  A goblin (Orc:4)
  4 orc skeletons (Orc:4)
  A quokka (Lair:4)
  2 fungi
81 creatures vanquished.

Vanquished Creatures (others)
  4 oklob plants
  39 wandering mushrooms
  10 drowned souls (Shoals:1)
  A deep elf mage (Orc:3)
  A vapour (D:5)
  3 giant fireflies (Lair:8)
  A hyperactive ballistomycete (D:8)
  An ugly thing (Lair:8)
  A shadow (D:13)
  A dancing weapon (Lair:8)
  2 deep elf fighters (Orc:3)
  4 necrophages (Lair:4)
  An orc warrior (D:12)
  A crimson imp (Shoals:2)
  An adder (D:8)
  15 fulminant prisms
  2 worms
  5 chimeras (Orc:4)
  7 orcs
  3 giant spores
  9 fungi
  12 plants (Lair:8)
  664 toadstools
788 creatures vanquished.

Grand Total: 2006 creatures vanquished

Notes
Turn   | Place    | Note
--------------------------------------------------------------
     0 | D:1      | Konstantin, the Vine Stalker Enchanter, began the quest for the Orb.
     0 | D:1      | Reached XP level 1. HP: 9/9 MP: 3/3
     9 | D:1      | Reached skill level 1 in Short Blades
   196 | D:1      | Reached XP level 2. HP: 8/13 MP: 3/5
   211 | D:1      | Learned a level 2 spell: Ensorcelled Hibernation
   214 | D:1      | Learned a level 2 spell: Sure Blade
   629 | D:1      | Reached XP level 3. HP: 10/17 MP: 3/7
  1191 | D:2      | Reached XP level 4. HP: 21/21 MP: 6/9
  1225 | D:2      | Learned a level 3 spell: Confuse
  1336 | D:2      | Found a shattered altar of Ashenzari.
  1740 | D:2      | Reached skill level 1 in Fighting
  2135 | D:3      | Reached XP level 5. HP: 25/25 MP: 9/12
  2332 | D:3      | Found a basalt altar of Yredelemnul.
  2453 | D:3      | Noticed Sigmund
  2525 | D:3      | Killed Sigmund
  2525 | D:3      | Reached skill level 1 in Ice Magic
  2525 | D:3      | Gained mutation: You heal very quickly. [vine stalker growth]
  2525 | D:3      | Reached XP level 6. HP: 30/30 MP: 15/15
  2928 | D:4      | Reached skill level 1 in Charms
  2985 | D:4      | Found a staircase to the Ecumenical Temple.
  3021 | Temple   | Entered the Ecumenical Temple
  3064 | Temple   | Became a worshipper of Fedhas Madash
  3358 | D:4      | Reached skill level 4 in Hexes
  3568 | D:4      | Reached XP level 7. HP: 34/34 MP: 17/17
  3644 | D:4      | Learned a level 4 spell: Enslavement
  4033 | D:4      | Found a snail-covered altar of Cheibriados.
  4033 | D:4      | Found a glowing silver altar of Zin.
  4319 | D:4      | Got a brightly glowing robe
  4326 | D:4      | Identified the +0 robe "Natsis" {+Blink +Fly} (You found it on level 4 of the Dungeon)
  4457 | D:5      | Entered Level 5 of the Dungeon
  4530 | D:5      | Found Locesk Skes' Jewellery Emporium.
  4694 | D:5      | Noticed hcnick's ghost (experienced DgFi)
  4885 | D:5      | Found a glowing golden altar of the Shining One.
  4886 | D:5      | Noticed an angel
  5201 | D:6      | Found Emou's Food Shoppe.
  5298 | D:6      | Gained mutation: You have razor-sharp teeth. [vine stalker growth]
  5298 | D:6      | Reached XP level 8. HP: 32/39 MP: 20/20
  5331 | D:6      | Noticed Dowan
  5340 | D:6      | Noticed Duvessa
  5341 | D:6      | Killed Dowan
  5364 | D:6      | Killed Duvessa
  5569 | D:6      | Acquired Fedhas' first power
  5861 | D:6      | Noticed Menkaure
  5919 | D:6      | Killed Menkaure
  5986 | D:5      | Bought an uncursed ring of poison resistance for 220 gold pieces
  6156 | D:6      | Reached skill level 5 in Hexes
  6489 | D:7      | Learned a level 4 spell: Fulminant Prism
  6529 | D:7      | Reached skill level 1 in Invocations
  6655 | D:7      | Reached XP level 9. HP: 39/44 MP: 22/22
  6768 | D:7      | Reached skill level 5 in Stealth
  6775 | D:7      | Reached skill level 5 in Spellcasting
  6922 | D:7      | Acquired Fedhas' second power
  7522 | D:7      | Found Wuqah's Antique Weapon Shoppe.
  7539 | D:7      | Reached skill level 6 in Hexes
  7927 | D:8      | Reached skill level 5 in Dodging
  8008 | D:8      | Reached XP level 10. HP: 51/51 MP: 24/24
  8119 | D:8      | Found Plog's Armour Boutique.
  8173 | D:8      | Reached skill level 1 in Conjurations
  8405 | D:5      | Killed hcnick's ghost
  8466 | D:5      | Bought a +2 ring of evasion for 110 gold pieces
  8679 | D:8      | Acquired Fedhas' third power
  8896 | D:8      | Paralysed by a giant eyeball for 4 turns
  9678 | D:8      | Reached skill level 5 in Short Blades
  9931 | D:8      | Learned a level 4 spell: Iskenderun's Mystic Blast
 10362 | D:9      | Reached skill level 5 in Fighting
 10787 | D:9      | Noticed Gastronok
 10830 | D:9      | Acquired Fedhas' fourth power
 10857 | D:9      | Noticed a three-headed hydra
 10883 | D:9      | Killed a three-headed hydra
 11145 | D:9      | Reached XP level 11. HP: 56/56 MP: 27/27
 11369 | D:9      | Killed Gastronok
 11369 | D:9      | Reached skill level 7 in Hexes
 11475 | D:10     | Entered Level 10 of the Dungeon
 11557 | D:10     | Noticed Maurice
 11559 | D:10     | Killed Maurice
 11652 | D:10     | Got a pitted cutlass
 11654 | D:10     | Identified the cursed +3,+2 cutlass "Blaargh" {speed, MR+ Str+2 Dex+4 Int-5} (You found it on level 10 of the Dungeon)
 12056 | D:10     | Noticed Urug
 12467 | D:10     | Killed Urug
 12788 | D:10     | Learned a level 4 spell: Summon Elemental
 12825 | D:10     | Noticed a hill giant
 12857 | D:10     | Killed a hill giant
 12906 | D:10     | Noticed a hill giant
 13426 | D:10     | Killed an unseen horror
 13501 | D:8      | Acquired Fedhas' fifth power
 13573 | D:5      | Bought an uncursed ring of see invisible for 165 gold pieces
 13777 | D:10     | Killed a hill giant
 13777 | D:10     | Reached skill level 1 in Summonings
 13852 | D:11     | Found a staircase to the Lair.
 14218 | D:11     | Reached skill level 5 in Ice Magic
 14861 | Lair:1   | Entered Level 1 of the Lair of Beasts
 14862 | Lair:1   | Gained mutation: You regenerate. [vine stalker growth]
 14862 | Lair:1   | Reached XP level 12. HP: 62/62 MP: 29/29
 15035 | Lair:1   | Found a dark tunnel.
 15040 | Volcano  | Entered a volcano
 15099 | Volcano  | Reached skill level 8 in Hexes
 16103 | Lair:1   | Reached skill level 5 in Invocations
 17550 | Lair:3   | Noticed vatarom's ghost (experienced DESu)
 17575 | Lair:3   | Killed vatarom's ghost
 17895 | Lair:3   | Noticed Eyesburn's ghost (powerful DDHu)
 17915 | Lair:3   | Killed Eyesburn's ghost
 17926 | Lair:3   | Noticed an eight-headed hydra
 17931 | Lair:3   | Killed an eight-headed hydra
 18004 | Lair:3   | Found a staircase to the Shoals.
 18017 | Lair:3   | Reached XP level 13. HP: 57/67 MP: 27/31
 18870 | D:5      | Bought an uncursed ring of regeneration for 330 gold pieces
 18932 | D:5      | Killed an angel
 19439 | Lair:4   | Reached skill level 9 in Spellcasting
 19533 | Lair:4   | Learned a level 3 spell: Abjuration
 19537 | Lair:4   | Learned a level 3 spell: Recall
 20346 | Lair:5   | Found a hole to the Spider Nest.
 20697 | D:10     | Learned a level 6 spell: Invisibility
 20989 | Lair:5   | Noticed Nergalle
 21022 | Lair:5   | Killed Nergalle
 21215 | Shoals:1 | Entered Level 1 of the Shoals
 21215 | Shoals:1 | Noticed Kirke
 22143 | Spider:1 | Entered Level 1 of the Spider Nest
 22567 | Spider:1 | Noticed Agnes
 23354 | Lair:6   | Found a staircase to the Snake Pit.
 23806 | Lair:6   | the staircase to the Snake Pit was a mimic.
 23905 | Lair:7   | Reached XP level 14. HP: 69/74 MP: 32/32
 24755 | Lair:7   | Found a staircase to the Slime Pits.
 25918 | Lair:3   | Noticed a sphinx
 25931 | Lair:3   | Killed Kirke
 26304 | Shoals:1 | Reached skill level 10 in Spellcasting
 27977 | Shoals:2 | Reached skill level 10 in Hexes
 28982 | Shoals:2 | Got a crude leather armour
 28989 | Shoals:2 | Identified the cursed -2 leather armour "Rozxaz" {+Fly rF+ rN+ Int-3} (You took it off a merfolk on level 2 of the Shoals)
 29056 | Shoals:3 | Found Deaz's Magic Scroll Emporium.
 29164 | Shoals:3 | Noticed Mara
 29393 | Lair:8   | Entered Level 8 of the Lair of Beasts
 29527 | Lair:8   | Reached skill level 5 in Summonings
 29978 | Lair:8   | Reached XP level 15. HP: 79/79 MP: 34/34
 30743 | D:8      | Bought a +2 robe of the Archmagi for 452 gold pieces
 32400 | Lair:8   | Upgraded the game from 0.14.1-22-g2730a98 to 0.14.1-23-g35e4e54
 32548 | Spider:1 | HP: 3/80 [Agnes/runed lajatang (20)]
 32549 | Spider:1 | Killed Agnes
 32549 | Spider:1 | Reached skill level 10 in Stealth
 32827 | Spider:1 | Noticed Maud
 32855 | Spider:1 | Killed Maud
 32855 | Spider:1 | Reached skill level 11 in Spellcasting
 32962 | Spider:1 | Noticed Nikola
 33729 | D:12     | Reached skill level 10 in Short Blades
 33837 | D:12     | Found a staircase to the Orcish Mines.
 34278 | D:12     | Noticed Grum
 34288 | D:12     | Killed Grum
 34409 | Orc:1    | Entered Level 1 of the Orcish Mines
 34785 | Orc:2    | Found Yneall's Magic Scroll Boutique.
 34834 | Orc:2    | Bought a scroll of brand weapon for 200 gold pieces
 35698 | Orc:3    | Found a bloodstained altar of Trog.
 35717 | Orc:3    | Found Moigax's Armour Emporium.
 36010 | Orc:3    | Found a staircase to the Elven Halls.
 36143 | Orc:3    | Reached skill level 10 in Fighting
 36616 | Orc:4    | Entered Level 4 of the Orcish Mines
 36616 | Orc:4    | Noticed Vasek's ghost (powerful SpBe)
 37360 | Orc:4    | Killed Vasek's ghost
 37868 | Orc:4    | Found Kivais' Antique Weapon Boutique.
 37878 | Orc:4    | Bought a pitted short sword for 192 gold pieces
 37879 | Orc:4    | Identified the +11,+2 short sword of Coriewugac {drain, rF+ rC+ Int-4} (You bought it in a shop on level 4 of the Orcish Mines)
 38071 | Orc:4    | Found a roughly hewn altar of Beogh.
 38770 | Orc:4    | Paralysed by an orc sorcerer for 6 turns
 38781 | Orc:4    | Reached XP level 16. HP: 73/85 MP: 25/35
 39362 | Orc:4    | Found Ickaosu's Antique Armour Shop.
 39377 | Orc:4    | Found Pneaff's Antique Weapon Boutique.
 39380 | Orc:4    | Found Ponuink's General Store.
 39380 | Orc:4    | Found Yhygga's Jewellery Shop.
 39412 | Orc:4    | Learned a level 5 spell: Shadow Creatures
 39430 | Orc:4    | Bought a bloodstained dagger for 224 gold pieces
 39433 | Orc:4    | Identified the +5,+6 dagger "Blaivako" {drain, -Tele +Rage +Fly rC+ rN+ Int+1 Stlth-} (You bought it in a shop on level 4 of the Orcish Mines)
 39443 | Orc:4    | Bought a scroll of magic mapping for 56 gold pieces
 39443 | Orc:4    | Bought a potion of lignification for 32 gold pieces
 39443 | Orc:4    | Bought a scroll of vulnerability for 120 gold pieces
 39443 | Orc:4    | Bought a potion of agility for 40 gold pieces
 39447 | Orc:4    | Bought a +3 ring of dexterity for 188 gold pieces
 39447 | Orc:4    | Bought an uncursed ring of wizardry for 360 gold pieces
 40122 | D:13     | Found a gate to the Vaults.
 40274 | D:13     | Found a flagged portal.
 40338 | Bailey   | Entered a bailey
 40681 | Bailey   | Got a jewelled ice dragon armour
 40694 | Bailey   | Identified the cursed -1 ice dragon armour "Vocanin" {rF- rC++ Acc+3 Dam-3} (You found it in a bailey)
 40806 | Bailey   | Gained mutation: You have a fast metabolism. [mutagenic glow]
 40820 | Bailey   | Slain by an orc knight

Action                   |  1- 3 |  4- 6 |  7- 9 | 10-12 | 13-15 | 16-18 || total
-------------------------+-------+-------+-------+-------+-------+-------++-------
Melee: Dagger            |    86 |   135 |   371 |   136 |    17 |    88 ||   833
       Cutlass           |       |       |       |   489 |  1281 |    15 ||  1785
       Short sword       |       |       |       |       |    96 |   158 ||   254
 Cast: Corona            |     8 |       |     3 |     4 |       |       ||    15
       Ensorcelled Hiber |    10 |    22 |   120 |   160 |   418 |    74 ||   804
       Sure Blade        |     1 |       |     1 |     9 |    17 |       ||    28
       Confuse           |       |       |    11 |    58 |    38 |    10 ||   117
       Fulminant Prism   |       |       |       |    18 |       |       ||    18
       Enslavement       |       |       |       |     3 |       |       ||     3
       Iskenderun's Myst |       |       |       |     1 |       |       ||     1
       Invisibility      |       |       |       |       |    12 |     3 ||    15
       Summon Elemental  |       |       |       |       |     6 |     1 ||     7
       Abjuration        |       |       |       |       |    19 |       ||    19
       Shadow Creatures  |       |       |       |       |       |     1 ||     1
Invok: Evolution         |       |       |     2 |    14 |    49 |    13 ||    78
       Growth            |       |       |       |     2 |     2 |       ||     4
       Sunlight          |       |       |       |       |     4 |       ||     4
       Rain              |       |       |       |       |     1 |       ||     1
       Reproduction      |       |       |       |       |       |     1 ||     1
 Abil: Evoke Flight      |       |       |       |       |       |     2 ||     2
Evoke: Wand              |       |       |    10 |    13 |    53 |    11 ||    87
       Deck              |       |       |       |     9 |     8 |       ||    17
       Box of beasts     |       |       |       |       |    16 |       ||    16
       Phial of floods   |       |       |       |       |     1 |     1 ||     2
  Use: Scroll            |       |     2 |    14 |    13 |    30 |     3 ||    62
       Potion            |       |     2 |     1 |     6 |    11 |       ||    20
 Stab: Sleeping          |     8 |    19 |    40 |    93 |   233 |    42 ||   435
       Confused          |       |       |     5 |    17 |    27 |     6 ||    55
       Distracted        |       |       |       |     2 |     9 |     2 ||    13
       Paralysed         |       |       |       |       |     2 |       ||     2
       Invisible         |       |       |       |       |    21 |       ||    21
       Held in net/web   |       |       |       |       |     1 |       ||     1
